 Dungeon Crawl Stone Soup version 0.31-a0-1204-ge2c1a860ed (webtiles) character file.

Game seed: 11820862364310941839

2236 BubbleThief the Fighter (level 9, -7/81 HPs)
             Began as a Demonspawn Necromancer on Dec 12, 2023.
             Was an Initiate of Kikubaaqudgha.
             Mangled by an ogre
             ... wielding a +0 halberd
              (14 damage)
             ... in a bailey.
             The game lasted 00:13:06 (7336 turns).

BubbleThief the Fighter (Demonspawn Necromancer)    Turns: 7336, Time: 00:13:07

Health: -7/81      AC: 21    Str:  8    XL:     9   Next: 14%
Magic:  10/13      EV: 12    Int: 19    God:    Kikubaaqudgha [......]
Gold:   290        SH:  0    Dex: 15    Spells: 10/14 levels left

rFire   + + +        B - +3 flail of the King {elec, ^Fragile +Blink rPois rF+++}
rCold   . . .        (no shield)
rNeg    + . .        a - +1 robe
rPois   +            (helmet restricted)
rElec   .            C - +2 cloak
rCorr   .            E - +2 pair of gloves
SInv    .            (no boots)
Will    .....        (no amulet)
Stlth   ++           x - ring of poison resistance
HPRegen 0.33/turn    D - ring of positive energy
MPRegen 0.13/turn

%: no passive effects
@: sanguine armoured
A: horns 2, sanguine armour 3
a: Renounce Religion, Evoke Blink


You were in a bailey.
You worshipped Kikubaaqudgha.
Kikubaaqudgha was noncommittal.
You visited 2 branches of the dungeon, and saw 8 of its levels.
You also visited: Bailey.

You collected 290 gold pieces.

Inventory:

Hand Weapons
 c - a +2 dagger of venom
 i - a +0 rapier of protection
 B - the +3 flail of the King (weapon) {elec, ^Fragile +Blink rPois rF+++}
   (You found it on level 5 of the Dungeon)

   rF+++:     It renders you almost immune to fire.
   rPois:     It protects you from poison +Blink: It lets you blink.
   ^Fragile:  It will be destroyed if unequipped.
Armour
 a - a +1 robe (worn)
 C - a +2 cloak (worn)
 E - a +2 pair of gloves (worn)
Jewellery
 h - an amulet of faith
 x - a ring of poison resistance (left hand)
 D - a ring of positive energy (right hand)
Wands
 n - a wand of charming (26)
 s - a wand of polymorph (6)
Scrolls
 f - 3 scrolls of blinking
 g - a scroll of identify
 l - 2 scrolls of fog
 u - 2 scrolls of poison
 y - a scroll of vulnerability {unknown}
 z - 4 scrolls of teleportation {unknown}
Potions
 b - a potion of magic
 d - a potion of enlightenment
 j - a potion of heal wounds
 k - 2 potions of haste {unknown}
 q - 4 potions of curing
 r - 2 potions of might
 t - a potion of attraction


   Skills:
 + Level 11.2 Fighting
 - Level 1.7 Dodging
 - Level 1.7 Stealth
 - Level 3.1 Spellcasting
 - Level 6.0 Necromancy


You had 10 spell levels left.
You knew the following spells:

 Your Spells              Type           Power      Damage    Failure   Level
a - Necrotise             Necr           100%       1d9       1%          1
b - Vampiric Draining     Necr           25%        2d7       3%          3

Your spell library contained the following spells:

 Spells                   Type           Power      Damage    Failure   Level
 Animate Dead             Necr           25%        N/A       13%         4
 Slow                     Hex            8%         N/A       16%         1
 Blink                    Tloc           4%         N/A       22%         2
 Agony                    Necr           25%        N/A       34%         5
 Confusing Touch          Hex            2%         N/A       41%         3
 Sigil of Binding         Hex            2%         N/A       41%         3
 Manifold Assault         Tloc           2%         N/A       83%         4


Dungeon Overview and Level Annotations

Branches:
Dungeon (7/15)             Temple (1/1) D:6          Bailey (1/1)

Altars:
Ashenzari
Cheibriados
Dithmenos
Fedhas
Gozag
Kikubaaqudgha
Makhleb
Nemelex Xobeh
Okawaru
Qazlal
Ru
Sif Muna
Trog
Uskayaw
Vehumet

Shops:
D:3 :   D:6 *


Innate Abilities, Weirdness & Mutations

You have a pair of horns on your head.
When seriously injured, your blood forms very thick armour. (AC +12)


Message History

Aiming: Necrotise (safe; 1% risk of failure)
Press: ? - help, Q - select action, (/) - cycle Shift-Dir - straight line, f/p - ogre
Aim: an ogre, wielding a +0 halberd (severely wounded, chance to affect: 83%)
The ogre writhes in agony!
You kill the ogre!
Kikubaaqudgha accepts your kill.
You hear a splash.
The dead are walking!
Your spriggan skeleton hits the ogre.
The ogre hits your spriggan skeleton with a +0 halberd!!
The ogre closely misses you. x2
You are confused.
You feel invigorated.
Your spriggan skeleton hits the ogre!
The ogre hits you from afar with a +0 halberd!
* * * LOW HITPOINT WARNING * * *
The ogre hits you from afar with a +0 halberd!
* * * LOW HITPOINT WARNING * * *
Your spriggan skeleton hits the ogre.
Unknown command.
You feel less invigorated.
You feel less confused. The ogre misses you.
Your ogre skeleton barely misses the ogre.
The ogre closely misses your spriggan skeleton.
The ogre hits you from afar with a +0 halberd!
* * * LOW HITPOINT WARNING * * *
Your spriggan skeleton splashes around in the water.
There is a gate leading back out of this place here.
The ogre barely misses your spriggan skeleton.
Your spriggan skeleton hits the ogre!
Your ogre skeleton hits the ogre!
The ogre hits you but does no damage.
Unknown command.
Casting: Necrotise (safe; 1% risk of failure)
Confirm with . or Enter, or press ? or * to list all spells.
Aiming: Vampiric Draining (mildly dangerous; 3% risk of failure)
Press: ? - help, Shift-Dir - straight line, f - ogre
Aim: an ogre, wielding a +0 halberd (severely wounded, ally target)
You draw life force from the ogre!
You feel life coursing into your body.
The ogre hits you from afar with a +0 halberd!
You die...
Kikubaaqudgha rasps: "You have failed me!
Welcome... death!"

..# #..
#..♣♣#####..
#.........
#.......
#~~~~~# #~~~)~#
###~~)OZ###
##...ZOO...##
##.......@...##
#....∩...∩....#
##...........##
##.........##
###.....###
#######


You could see 3 ogres, a friendly spriggan skeleton and a friendly ogre
skeleton.

Vanquished Creatures
  A spriggan (Bailey)
  3 ice beasts
  2 black bears
  A sky beast (D:6)
  2 ogres
  2 phantoms (D:6)
  Blork the orc (D:6)
  A bullfrog (D:6)
  7 scorpions
  7 hounds
  3 orc priests
  2 jellies
  3 iguanas
  Ijyb (D:3)
  3 orc wizards
  4 adders
  2 shadow imps (D:6)
  An ufetubus (D:4)
  A worm (D:2)
  2 dart slugs (D:5)
  9 orcs
  4 endoplasms
  3 giant cockroaches
  3 goblins
  6 hobgoblins (D:1)
  4 jackals (D:2)
  6 kobolds
  7 quokkas
  3 ball pythons
  6 bats
  4 frilled lizards
  5 rats
109 creatures vanquished.

Vanquished Creatures (collateral kills)
  A white imp (D:6)
  An ufetubus (D:4)
  2 endoplasms (D:1)
  A giant cockroach (D:1)
  A frilled lizard (D:1)
6 creatures vanquished.

Grand Total: 115 creatures vanquished

Notes
Turn   | Place    | Note
-------+----------+-------------------------------------------
     0 | D:1      | BubbleThief the Demonspawn Necromancer began the quest for
                  | the Orb.
     0 | D:1      | Reached XP level 1. HP: 13/13 MP: 3/3
   185 | D:1      | Gained mutation: You have a pair of small horns on your
                  | head. [demonic ancestry]
   185 | D:1      | Reached XP level 2. HP: 17/19 MP: 1/5
   482 | D:1      | Reached skill level 5 in Necromancy
   699 | D:1      | Gained mutation: When seriously injured, your blood forms
                  | armour. (AC +12) [demonic ancestry]
   699 | D:1      | Reached XP level 3. HP: 24/24 MP: 3/6
  1115 | D:1      | Found a faded altar of an unknown god.
  2350 | D:3      | Found Neaq's Vocational Training.
  2634 | D:3      | Noticed Ijyb
  2658 | D:3      | Killed Ijyb
  2659 | D:3      | Reached XP level 4. HP: 24/30 MP: 4/8
  3178 | D:4      | Reached skill level 1 in Fighting
  3178 | D:4      | Gained mutation: When seriously injured, your blood forms
                  | thick armour. (AC +12) [demonic ancestry]
  3178 | D:4      | Reached XP level 5. HP: 35/37 MP: 3/9
  3185 | D:4      | Reached skill level 2 in Fighting
  3344 | D:4      | Reached skill level 3 in Fighting
  3590 | D:4      | Reached XP level 6. HP: 46/47 MP: 7/10
  3746 | D:4      | Reached skill level 4 in Fighting
  3753 | D:4      | Learned a level 3 spell: Vampiric Draining
  3886 | D:4      | Found a broken altar of Ashenzari.
  4256 | D:4      | Identified the +1 scale mail of Polish {rElec rPois rF-
                  | rCorr}
  4339 | D:5      | Entered Level 5 of the Dungeon
  4389 | D:5      | Reached skill level 5 in Fighting
  4516 | D:5      | Reached XP level 7. HP: 57/57 MP: 6/11
  4564 | D:5      | Identified the +3 flail of the King {elec, ^Fragile +Blink
                  | rPois rF+++}
  4603 | D:5      | Reached skill level 6 in Fighting
  5070 | D:5      | Reached skill level 7 in Fighting
  5534 | D:6      | Reached skill level 8 in Fighting
  5534 | D:6      | Gained mutation: You have a pair of horns on your head.
                  | [demonic ancestry]
  5534 | D:6      | Reached XP level 8. HP: 59/68 MP: 4/12
  5638 | D:6      | Noticed Blork the orc
  5655 | D:6      | Killed Blork the orc
  5898 | D:6      | Found Dirores's Assorted Antiques.
  5923 | D:6      | Reached skill level 9 in Fighting
  6290 | D:6      | Reached skill level 10 in Fighting
  6383 | D:6      | Found a radiant altar of Vehumet.
  6460 | D:6      | Found an opulent altar of Gozag.
  6713 | D:6      | Found a staircase to the Ecumenical Temple.
  6731 | Temple   | Entered the Ecumenical Temple
  6752 | Temple   | Became a worshipper of Kikubaaqudgha
  6825 | D:6      | Found a shimmering blue altar of Sif Muna.
  7197 | D:7      | Gained mutation: When seriously injured, your blood forms
                  | very thick armour. (AC +12) [demonic ancestry]
  7197 | D:7      | Reached XP level 9. HP: 53/79 MP: 7/13
  7247 | D:7      | Found a flagged portal.
  7252 | Bailey   | Entered a bailey
  7325 | Bailey   | Reached skill level 11 in Fighting
  7333 | Bailey   | HP: 2/81 [ogre/+0 halberd (13)]
  7336 | Bailey   | Mangled by an ogre

Illustrated notes

Levels and vault maps discovered:
D:1:      saegor_arrival_fortress, layout_basic, ebering_ecumenical_altar_hall
D:2:      layout_basic
D:3:      layout_loops_corners, nicolae_shop_vocational, uniq_ijyb
D:4:      layout_basic, lemuel_round_altar, st_stairs_3
D:5:      layout_cave_pods, tso_altar, kennysheep_small_circle
D:6:      layout_loops_ring, mainiacjoe_overflow_surrounded_room,
          mainiacjoe_overflow_chevrons, mainiacjoe_overflow_alcove_1,
          minmay_temple_entry_proselytizer, serial_shops,
          nicolae_shop_hallway_plus, serial_park_tiny_pond, uniq_blork_the_orc
D:7:      layout_basic, enter_bailey_1
Temple:   nicolae_temple_bog_church
Bailey:   bailey_polearm_enchanted_keep_hellmonk, bailey

Skill      XL: |  1  2  3  4  5  6  7  8  9 |
---------------+----------------------------+-----
Necromancy     | 5 6 |  6.0
Spellcasting   | 3 |  3.1
Fighting       | 1 3 5 8 10 11 | 11.2
Dodging        | |  1.7
Stealth        | |  1.7

Action                     |  1- 3 |  4- 6 |  7- 9 || total
---------------------------+-------+-------+-------++-------
  Melee: Unarmed           |     9 |       |       ||     9
         Dagger            |     8 |       |       ||     8
         Headbutt          |     4 |     3 |     6 ||    13
         Rapier            |    11 |    13 |       ||    24
         Punch             |       |     1 |       ||     1
         Flail             |       |       |    22 ||    22
   Cast: Necrotise         |    77 |    83 |   161 ||   321
         Vampiric Draining |       |       |     2 ||     2
    Use: Scroll            |       |       |    15 ||    15
         Potion            |       |       |     2 ||     2
   Stab: Distracted        |       |     1 |       ||     1
 Armour: Robe              |    23 |    30 |    95 ||   148
  Dodge: Dodged            |    24 |    29 |    74 ||   127

Table legend: (Time is in decaauts)
 A = Elapsed time spent in this place.
 B = Non-inter-level travel time spent in this place.
 C = Inter-level travel time spent in this place.
 D = Time resting spent in this place.
 E = Time spent auto-exploring this place.
 F = Levels seen in this place.
 G = Mean time per level.
                   A        B        C        D        E       F      G
               +--------+--------+--------+--------+--------+-----+--------+
         Total |   7347 |   7121 |    226 |     31 |   5993 |   9 |  816.3 |
       Dungeon |   7218 |   7028 |    190 |     31 |   5940 |   7 | 1031.1 |
        Temple |     42 |      6 |     36 |      0 |      0 |   1 |   42.0 |
        Bailey |     85 |     85 |      0 |      0 |     53 |   1 |   85.0 |
               +--------+--------+--------+--------+--------+-----+--------+

Top non-repeatable levels by time:
     D:6: 1506 daAuts
     D:4: 1172 daAuts
     D:1: 1145 daAuts
     D:5: 1129 daAuts
     D:2: 1114 daAuts
     D:3: 909 daAuts
     D:7: 241 daAuts
  Bailey: 85 daAuts
  Temple: 42 daAuts
